Jets vs Islanders
Created - December 24, 2023 at 10:36
Goals
|
| Jets |
1 |
1 |
0 |
0 |
0 |
2 |
| Islanders |
0 |
2 |
0 |
0 |
1 |
3 |
|
Shots
|
| Jets |
7 |
18 |
4 |
3 |
3 |
32 |
| Islanders |
15 |
6 |
9 |
4 |
2 |
34 |
|
1st period
1. Jets , Viktor Arvidsson 10 (Noel Acciari 2, Jacob Markstrom) at 15:33
Penalties :
Noel Acciari (Win) for Slashing (Minor) at 13:00
2nd period
2. Jets , Marco Scandella 1 (Alex Galchenyuk 16, Adam Larsson 7) at 3:35
3. Islanders , Ryan Ellis 5 (Melker Karlsson 8, Jason Spezza 4) at 18:27
4. Islanders , Vladimir Tarasenko 17 (Kellan Lain 7, Michael Latta 11) at 18:41
Penalties :
Christian Fischer (NyI) for Hooking (Minor) at 13:00
3rd period
No Goal
Penalties :
Tyler Toffoli (Win) for Hooking (Minor) at 4:08, Emerson Etem (NyI) for Goalie Interference (Minor) at 12:53
Overtime #1
No Goal
Penalties :
No Penalty
Shootout
Jets, Tyler Seguin - Shot Misses the Net
Islanders, Vladimir Tarasenko - Goal!
Jets, Alex Galchenyuk - Stopped by Cam Ward
Islanders, Jason Spezza - Shot Hit the Post
Jets, Ryan Johansen - Stopped by Cam Ward
Penalties :
No Penalty
Goalie Stats
Jacob Markstrom (Win), 32 saves from 34 shots - (0.941), OTL, 10-11-4, 65:00 minutes
Cam Ward (NyI), 30 saves from 32 shots - (0.938), W, 7-10-0, 65:00 minutes
Players Stats for Jets
Player Name G A P +/- PIM S H SB GA TA FO MP PP MP PK MP
------------------------------------------------------------------------------------
Adam Larsson 0 1 1 2 0 3 1 2 1 1 0/0 19:27 0:49 2:02
Alex Galchenyuk 0 1 1 2 0 4 4 2 0 0 0/0 19:43 1:42 0:35
Alexander Wennberg 0 0 0 0 0 1 1 1 0 0 6/12 15:48 0:00 2:30
Anthony Mantha 0 0 0 -2 0 2 0 0 1 1 1/2 21:38 2:12 2:30
Dougie Hamilton 0 0 0 0 0 0 1 2 0 0 0/0 27:06 2:50 2:02
Erik Cernak 0 0 0 -1 0 3 1 0 0 0 0/0 20:22 0:35 1:56
Frank Vatrano 0 0 0 0 0 0 0 0 1 0 0/0 9:29 0:04 0:53
Marco Scandella 1 0 1 1 0 1 0 2 0 0 0/0 14:29 0:20 1:56
Max Domi 0 0 0 2 0 4 1 0 1 0 0/3 17:06 2:12 0:23
Nathan Walker 0 0 0 0 0 1 0 0 0 0 0/0 7:44 0:04 0:00
Noel Acciari 0 1 1 0 2 2 0 0 0 0 3/4 8:46 0:00 0:20
Ryan Johansen 0 0 0 -2 0 2 2 1 0 0 14/33 19:21 1:46 0:00
Ryan Murray 0 0 0 -1 0 0 1 2 0 0 0/0 24:59 2:14 0:00
Sam Reinhart 0 0 0 0 0 0 0 2 0 0 0/0 13:09 0:00 0:00
Troy Stetcher 0 0 0 -1 0 1 0 2 0 0 0/0 17:40 1:08 0:00
Tyler Seguin 0 0 0 2 0 2 1 0 2 0 5/7 19:13 1:42 0:00
Tyler Toffoli 0 0 0 0 2 3 2 0 1 0 1/1 15:14 0:00 0:00
Viktor Arvidsson 1 0 1 -2 0 3 1 0 0 1 2/3 19:46 2:12 0:45
Players Stats for Islanders
Player Name G A P +/- PIM S H SB GA TA FO MP PP MP PK MP
------------------------------------------------------------------------------------
Andrew Shaw 0 0 0 0 0 0 0 0 1 0 1/1 4:54 0:00 0:00
Brayden McNabb 0 0 0 -1 0 1 1 1 0 2 0/0 13:07 0:00 0:00
Brock McGinn 0 0 0 -1 0 1 0 0 0 0 0/1 14:40 0:00 0:27
Christian Fischer 0 0 0 0 2 0 0 0 0 0 0/1 2:41 0:00 0:00
Dylan McIlrath 0 0 0 0 0 0 0 1 0 0 0/0 20:54 1:23 1:36
Emerson Etem 0 0 0 0 2 2 2 0 0 0 1/2 20:02 1:52 0:00
Gabriel Carlsson 0 0 0 -1 0 0 0 0 0 0 0/0 13:07 0:00 0:00
Jason Akeson 0 0 0 -1 0 1 1 0 1 2 0/0 14:18 0:00 1:24
Jason Spezza 0 1 1 0 0 2 1 0 0 1 1/2 23:23 1:52 2:22
Kellan Lain 0 1 1 1 0 1 3 1 0 0 1/2 20:49 2:06 0:53
Melker Karlsson 0 1 1 0 0 3 3 1 0 1 7/13 18:58 1:52 0:00
Michael Latta 0 1 1 1 0 5 0 0 0 1 13/23 21:31 2:06 0:53
Ryan Ellis 1 0 1 1 0 4 0 1 0 0 0/0 28:57 2:35 2:22
Ryan Hartman 0 0 0 -1 0 0 3 0 0 0 3/8 12:23 0:00 0:00
Sergei Plotnikov 0 0 0 0 0 1 0 0 0 0 0/0 4:54 0:00 0:00
Thomas Chabot 0 0 0 0 0 1 1 0 0 0 0/0 21:28 1:23 1:36
Vladimir Tarasenko 1 0 1 1 0 12 0 0 1 0 6/12 27:27 2:06 1:57
Yann Sauvé 0 0 0 1 0 0 0 0 0 0 0/0 27:27 2:35 2:22
3 Stars
1 - Alex Galchenyuk (Win)
2 - Ryan Ellis (NyI)
3 - Vladimir Tarasenko (NyI)
Power Play
Jets - 0 on 2 Attempt(s) - 0.00%
Islanders - 0 on 2 Attempt(s) - 0.00%
Penalty Kill
Jets - 2 on 2 Attempt(s) - 100.00%
- Score 0 goal in Penalty Kill
Islanders - 2 on 2 Attempt(s) - 100.00%
- Score 0 goal in Penalty Kill
Team Stat
Jets - Hits : 16 - Faceoff Wins : 32 - Blocked Shots : 16 - Penalty Minutes : 4
Islanders - Hits : 15 - Faceoff Wins : 33 - Blocked Shots : 5 - Penalty Minutes : 4
Official
Referees : Kyle Rehman and Brian Pochmara
Linesman : Bevan Mills and Derek Nansen
Game Notes
Marco Scandella is injured at 8:47 of 3rd period (Bruised Right Leg)
Finance
Level 1 -- Attendance: 6000 (100.00%) -- Ticket Income $600,000
Level 2 -- Attendance: 4678 (93.56%) -- Ticket Income $280,680
Level 3 -- Attendance: 1963 (98.15%) -- Ticket Income $68,705
Level 4 -- Attendance: 4000 (100.00%) -- Ticket Income $100,000
Luxury Box -- Attendance: 1000 (100.00%) -- Ticket Income $200,000
Game was played at the Nassau Coliseum.
Total Attendance: 17641 (98.01%)
Total Ticket Income: $1,249,385
Other Income: $187,408
Total Income: $1,436,793
Jets
5 vs 5 Forward
Center Left Wing Right Wing Time % Phy DF OF
1 Ryan Johansen Anthony Mantha Viktor Arvidsson 35 1 2 2
2 Max Domi Alex Galchenyuk Tyler Seguin 32 1 2 2
3 Alexander Wennberg Tyler Toffoli Sam Reinhart 28 1 2 2
4 Noel Acciari Nathan Walker Frank Vatrano 5 1 2 2
5 vs 5 Defense
Defense Defense Time % Phy DF OF
1 Ryan Murray Dougie Hamilton 40 1 2 2
2 Adam Larsson Marco Scandella 30 1 2 2
3 Erik Cernak Troy Stetcher 30 1 2 2
4 Adam Larsson Dougie Hamilton 0 1 2 2
PowerPlay Forward
Center Left Wing Right Wing Time % Phy DF OF
1 Ryan Johansen Alex Galchenyuk Tyler Seguin 55 1 0 4
2 Max Domi Anthony Mantha Viktor Arvidsson 45 0 0 5
PowerPlay Defense
Defense Defense Time % Phy DF OF
1 Ryan Murray Dougie Hamilton 60 0 1 4
2 Marco Scandella Troy Stetcher 40 0 1 4
Penalty Kill 4 Players Forward
Center Wing Time % Phy DF OF
1 Alexander Wennberg Anthony Mantha 60 1 2 2
2 Noel Acciari Frank Vatrano 40 1 2 2
Penalty Kill 4 Players Defense
Defense Defense Time % Phy DF OF
1 Adam Larsson Dougie Hamilton 60 1 3 1
2 Erik Cernak Marco Scandella 40 1 3 1
Penalty Kill - 3 Players Forward
Forward Time % Phy DF OF
1 Ryan Johansen 60 0 4 1
2 Noel Acciari 40 0 4 1
Penalty Kill - 3 Players Defense
Defense Defense Time % Phy DF OF
1 Adam Larsson Dougie Hamilton 60 1 4 0
2 Erik Cernak Marco Scandella 40 1 4 0
4 vs 4 Forward
Center Wing Time % Phy DF OF
1 Ryan Johansen Alex Galchenyuk 60 1 2 2
2 Max Domi Tyler Seguin 40 1 2 2
4 vs 4 Defense
Defense Defense Time % Phy DF OF
1 Ryan Murray Dougie Hamilton 60 1 2 2
2 Adam Larsson Marco Scandella 40 1 2 2
Last Minutes Offensive
Center Left Wing Right Wing Defense Defense
Ryan Johansen Alex Galchenyuk Tyler Seguin Ryan Murray Dougie Hamilton
Last Minutes Defensive
Center Left Wing Right Wing Defense Defense
Ryan Johansen Anthony Mantha Tyler Toffoli Adam Larsson Marco Scandella
Goaltenders
Starting : Jacob Markstrom
Backup : Elvis Merzlikins
Extra Forwards
Normal : Viktor Arvidsson, Anthony Mantha, Alexander Wennberg - PP : Viktor Arvidsson, Anthony Mantha - PK : Viktor Arvidsson
Extra Defensemen
Normal : Marco Scandella, Adam Larsson, Ryan Murray - PP : Marco Scandella - PK : Marco Scandella, Erik Cernak
Penalty Shots
Tyler Seguin, Alex Galchenyuk, Ryan Johansen, Tyler Toffoli, Viktor Arvidsson
Custom OT Lines Forwards
Tyler Seguin, Alex Galchenyuk, Ryan Johansen, Tyler Toffoli, Viktor Arvidsson, Anthony Mantha, Alexander Wennberg, Max Domi, Sam Reinhart, Frank Vatrano
Custom OT Lines Defensemen
Ryan Murray, Dougie Hamilton, Marco Scandella, Adam Larsson, Troy Stetcher
Scratches
None
Islanders
5 vs 5 Forward
Center Left Wing Right Wing Time % Phy DF OF
1 Michael Latta Kellan Lain Vladimir Tarasenko 40 1 2 2
2 Melker Karlsson Emerson Etem Jason Spezza 30 1 2 2
3 Ryan Hartman Brock McGinn Jason Akeson 20 1 2 2
4 Vladimir Tarasenko Sergei Plotnikov Andrew Shaw 10 1 2 2
5 vs 5 Defense
Defense Defense Time % Phy DF OF
1 Ryan Ellis Yann Sauvé 40 1 2 2
2 Thomas Chabot Dylan McIlrath 30 1 2 2
3 Brayden McNabb Gabriel Carlsson 20 1 2 2
4 Ryan Ellis Yann Sauvé 10 1 2 2
PowerPlay Forward
Center Left Wing Right Wing Time % Phy DF OF
1 Michael Latta Kellan Lain Vladimir Tarasenko 60 1 2 2
2 Melker Karlsson Emerson Etem Jason Spezza 40 1 2 2
PowerPlay Defense
Defense Defense Time % Phy DF OF
1 Ryan Ellis Yann Sauvé 60 1 2 2
2 Thomas Chabot Dylan McIlrath 40 1 2 2
Penalty Kill 4 Players Forward
Center Wing Time % Phy DF OF
1 Vladimir Tarasenko Jason Spezza 60 1 2 2
2 Kellan Lain Michael Latta 40 1 2 2
Penalty Kill 4 Players Defense
Defense Defense Time % Phy DF OF
1 Ryan Ellis Yann Sauvé 60 1 2 2
2 Thomas Chabot Dylan McIlrath 40 1 2 2
Penalty Kill - 3 Players Forward
Forward Time % Phy DF OF
1 Vladimir Tarasenko 60 1 2 2
2 Jason Spezza 40 1 2 2
Penalty Kill - 3 Players Defense
Defense Defense Time % Phy DF OF
1 Ryan Ellis Yann Sauvé 60 1 2 2
2 Thomas Chabot Dylan McIlrath 40 1 2 2
4 vs 4 Forward
Center Wing Time % Phy DF OF
1 Vladimir Tarasenko Jason Spezza 60 1 2 2
2 Kellan Lain Michael Latta 40 1 2 2
4 vs 4 Defense
Defense Defense Time % Phy DF OF
1 Ryan Ellis Yann Sauvé 60 1 2 2
2 Thomas Chabot Dylan McIlrath 40 1 2 2
Last Minutes Offensive
Center Left Wing Right Wing Defense Defense
Michael Latta Kellan Lain Vladimir Tarasenko Ryan Ellis Yann Sauvé
Last Minutes Defensive
Center Left Wing Right Wing Defense Defense
Michael Latta Kellan Lain Vladimir Tarasenko Ryan Ellis Yann Sauvé
Goaltenders
Starting : Cam Ward
Backup : Joonas Korpisalo
Extra Forwards
Normal : Christian Fischer, Brock McGinn, Jason Akeson - PP : Christian Fischer, Brock McGinn - PK : Jason Akeson
Extra Defensemen
Normal : Brayden McNabb, Gabriel Carlsson, Thomas Chabot - PP : Brayden McNabb - PK : Gabriel Carlsson, Thomas Chabot
Penalty Shots
Vladimir Tarasenko, Jason Spezza, Kellan Lain, Michael Latta, Emerson Etem
Custom OT Lines Forwards
Vladimir Tarasenko, Jason Spezza, Kellan Lain, Michael Latta, Emerson Etem, Brock McGinn, Melker Karlsson, Jason Akeson, Ryan Hartman, Sergei Plotnikov
Custom OT Lines Defensemen
Ryan Ellis, Yann Sauvé, Thomas Chabot, Dylan McIlrath, Brayden McNabb
Scratches
Anze Kopitar (Healthy), Ben Johnson (Healthy), Chris Tierney (Healthy), James Livingstone (Healthy), Nikita Zadorov (Broken Ribs Injury)
% Time on Ice - Jets
Lines # - Real PCT - Wanted PCT - Time Play
Normal Forward
1 - 31% - 35% - 15:57
2 - 30% - 32% - 15:23
3 - 25% - 28% - 13:09
4 - 15% - 5% - 7:35
Normal Defense
1 - 36% - 40% - 18:36
2 - 33% - 30% - 17:19
3 - 31% - 30% - 16:09
4 - 0% - 0% - 0:00
PP Forward
1 - 45% - 55% - 1:46
2 - 55% - 45% - 2:12
PP Defense
1 - 56% - 60% - 2:14
2 - 44% - 40% - 1:44
PK Forward
1 - 78% - 60% - 3:05
2 - 22% - 40% - 0:53
PK Defense
1 - 51% - 60% - 2:02
2 - 49% - 40% - 1:56
PK3 Forward
1 - 0% - 60%
2 - 0% - 40%
PK3 Defense
1 - 0% - 60%
2 - 0% - 40%
44 Forward
1 - 0% - 60%
2 - 0% - 40%
44 Defense
1 - 0% - 60%
2 - 0% - 40%
Last Minute Offensive - 0:00
Last Minute Defensive - 0:00
Total
Forward - 60:00
Defense - 60:00
|
% Time on Ice - Islanders
Lines # - Real PCT - Wanted PCT - Time Play
Normal Forward
1 - 34% - 40% - 17:43
2 - 33% - 30% - 17:04
3 - 24% - 20% - 12:23
4 - 9% - 10% - 4:54
Normal Defense
1 - 36% - 40% - 18:32
2 - 34% - 30% - 17:55
3 - 25% - 20% - 13:07
4 - 5% - 10% - 2:30
PP Forward
1 - 53% - 60% - 2:06
2 - 47% - 40% - 1:52
PP Defense
1 - 65% - 60% - 2:35
2 - 35% - 40% - 1:23
PK Forward
1 - 78% - 60% - 3:05
2 - 22% - 40% - 0:53
PK Defense
1 - 60% - 60% - 2:22
2 - 40% - 40% - 1:36
PK3 Forward
1 - 0% - 60%
2 - 0% - 40%
PK3 Defense
1 - 0% - 60%
2 - 0% - 40%
44 Forward
1 - 0% - 60%
2 - 0% - 40%
44 Defense
1 - 0% - 60%
2 - 0% - 40%
Last Minute Offensive - 0:00
Last Minute Defensive - 0:00
Total
Forward - 60:00
Defense - 60:00
|
Play-by-Play
1st period
0:01 of 1st period - Michael Latta wins face-off versus Ryan Johansen in neutral zone.
0:26 of 1st period - Yann Sauvé is hit by Tyler Seguin and loses puck.
0:51 of 1st period - Off-side.
0:52 of 1st period - Vladimir Tarasenko wins face-off versus Alexander Wennberg in neutral zone.
0:55 of 1st period - Slapshot by Brayden McNabb.
0:55 of 1st period - Stopped by Jacob Markstrom without a rebound.
0:56 of 1st period - Vladimir Tarasenko wins face-off versus Noel Acciari in Jets zone.
1:25 of 1st period - Wrist shot by Tyler Toffoli.
1:25 of 1st period - Stopped by Cam Ward with a rebound.
1:27 of 1st period - Snap shot by Adam Larsson.
1:27 of 1st period - Stopped by Cam Ward with a rebound.
1:35 of 1st period - Wrist shot by Tyler Toffoli.
1:35 of 1st period - Shot Misses the Net.
1:37 of 1st period - Slapshot by Adam Larsson.
1:37 of 1st period - Shot Misses the Net.
1:44 of 1st period - Icing by Brayden McNabb.
1:45 of 1st period - Ryan Johansen wins face-off versus Melker Karlsson in Islanders zone.
2:02 of 1st period - Wrist shot by Melker Karlsson.
2:02 of 1st period - Shot Blocked by Troy Stetcher.
2:14 of 1st period - Wrist shot by Tyler Seguin.
2:14 of 1st period - Stopped by Cam Ward without a rebound.
2:15 of 1st period - Michael Latta wins face-off versus Max Domi in Islanders zone.
2:24 of 1st period - Snap shot by Vladimir Tarasenko.
2:24 of 1st period - Shot Blocked by Ryan Murray.
2:30 of 1st period - Tyler Seguin is hit by Kellan Lain and loses puck.
3:31 of 1st period - Kellan Lain is hit by Alex Galchenyuk and loses puck.
4:40 of 1st period - Snap shot by Michael Latta.
4:40 of 1st period - Stopped by Jacob Markstrom without a rebound.
4:41 of 1st period - Melker Karlsson wins face-off versus Anthony Mantha in Jets zone.
4:42 of 1st period - Snap shot by Jason Spezza.
4:42 of 1st period - Shot Misses the Net.
4:44 of 1st period - Snap shot by Emerson Etem.
4:44 of 1st period - Shot Misses the Net.
4:56 of 1st period - Snap shot by Melker Karlsson.
4:56 of 1st period - Shot Blocked by Adam Larsson.
5:18 of 1st period - Slapshot by Ryan Ellis.
5:18 of 1st period - Deflect By Tyler Toffoli.
5:18 of 1st period - Stopped by Jacob Markstrom without a rebound.
5:19 of 1st period - Ryan Johansen wins face-off versus Jason Spezza in Jets zone.
5:26 of 1st period - Wrist shot by Viktor Arvidsson.
5:26 of 1st period - Stopped by Cam Ward with a rebound.
5:41 of 1st period - Icing by Dougie Hamilton.
5:42 of 1st period - Ryan Hartman wins face-off versus Ryan Johansen in Jets zone.
5:45 of 1st period - Snap shot by Brock McGinn.
5:45 of 1st period - Shot Blocked by Ryan Johansen.
6:07 of 1st period - Snap shot by Alexander Wennberg.
6:07 of 1st period - Shot Misses the Net.
6:09 of 1st period - Slapshot by Ryan Murray.
6:09 of 1st period - Deflect By Alexander Wennberg.
6:09 of 1st period - Shot Misses the Net.
6:09 of 1st period - Puck is out of play.
6:10 of 1st period - Alexander Wennberg wins face-off versus Melker Karlsson in Islanders zone.
6:37 of 1st period - Alexander Wennberg is hit by Jason Spezza and loses puck.
7:04 of 1st period - Wrist shot by Melker Karlsson.
7:04 of 1st period - Stopped by Jacob Markstrom with a rebound.
7:06 of 1st period - Snap shot by Jason Spezza.
7:06 of 1st period - Shot Blocked by Sam Reinhart.
7:08 of 1st period - Snap shot by Jason Spezza.
7:08 of 1st period - Shot Misses the Net.
7:10 of 1st period - Wrist shot by Gabriel Carlsson.
7:10 of 1st period - Shot Misses the Net.
7:26 of 1st period - Snap shot by Jason Spezza.
7:26 of 1st period - Shot Blocked by Marco Scandella.
7:28 of 1st period - Snap shot by Emerson Etem.
7:28 of 1st period - Shot Misses the Net.
7:38 of 1st period - Snap shot by Emerson Etem.
7:38 of 1st period - Stopped by Jacob Markstrom with a rebound.
7:42 of 1st period - Slapshot by Emerson Etem.
7:42 of 1st period - Shot Misses the Net.
7:50 of 1st period - Wrist shot by Melker Karlsson.
7:50 of 1st period - Stopped by Jacob Markstrom without a rebound.
7:51 of 1st period - Andrew Shaw wins face-off versus Ryan Johansen in Jets zone.
8:04 of 1st period - Wrist shot by Ryan Johansen.
8:04 of 1st period - Shot Misses the Net.
8:06 of 1st period - Wrist shot by Anthony Mantha.
8:06 of 1st period - Shot Misses the Net.
8:43 of 1st period - Snap shot by Vladimir Tarasenko.
8:43 of 1st period - Shot Blocked by Ryan Murray.
8:45 of 1st period - Wrist shot by Vladimir Tarasenko.
8:45 of 1st period - Stopped by Jacob Markstrom without a rebound.
8:46 of 1st period - Ryan Hartman wins face-off versus Ryan Johansen in Jets zone.
9:11 of 1st period - Michael Latta is hit by Alex Galchenyuk.
9:36 of 1st period - Wrist shot by Nathan Walker.
9:36 of 1st period - Stopped by Cam Ward with a rebound.
10:12 of 1st period - Brayden McNabb is hit by Alex Galchenyuk and loses puck.
10:33 of 1st period - Marco Scandella is hit by Brayden McNabb and loses puck.
11:09 of 1st period - Icing by Adam Larsson.
11:10 of 1st period - Tyler Seguin wins face-off versus Melker Karlsson in Jets zone.
11:10 of 1st period - Tyler Seguin is hit by Emerson Etem.
11:28 of 1st period - Off-side.
11:29 of 1st period - Ryan Johansen wins face-off versus Ryan Hartman in neutral zone.
11:33 of 1st period - Off-side.
11:34 of 1st period - Ryan Hartman wins face-off versus Ryan Johansen in neutral zone.
12:29 of 1st period - Ryan Hartman is hit by Tyler Toffoli and loses puck.
12:52 of 1st period - Wrist shot by Michael Latta.
12:52 of 1st period - Stopped by Jacob Markstrom with a rebound.
12:54 of 1st period - Snap shot by Michael Latta.
12:54 of 1st period - Shot Misses the Net.
13:00 of 1st period - Minor Penalty to Noel Acciari for Slashing.
13:01 of 1st period - Michael Latta wins face-off versus Alexander Wennberg in Jets zone.
13:02 of 1st period - Wrist shot by Vladimir Tarasenko.
13:02 of 1st period - Stopped by Jacob Markstrom with a rebound.
13:04 of 1st period - Slapshot by Yann Sauvé.
13:04 of 1st period - Shot Misses the Net.
13:06 of 1st period - Slapshot by Yann Sauvé.
13:06 of 1st period - Shot Blocked by Alexander Wennberg.
13:08 of 1st period - Snap shot by Vladimir Tarasenko.
13:08 of 1st period - Shot Misses the Net.
13:10 of 1st period - Slapshot by Yann Sauvé.
13:10 of 1st period - Shot Misses the Net.
13:26 of 1st period - Jason Spezza is hit by Dougie Hamilton and loses puck.
14:25 of 1st period - Emerson Etem is hit by Erik Cernak and loses puck.
15:00 of 1st period - Penalty to Noel Acciari is over, Noel Acciari is back on ice.
15:33 of 1st period - Slapshot by Viktor Arvidsson.
15:33 of 1st period - Goal by Viktor Arvidsson - Jets : 1 - Islanders : 0.
15:34 of 1st period - Michael Latta wins face-off versus Ryan Johansen in neutral zone.
15:36 of 1st period - Off-side.
15:37 of 1st period - Michael Latta wins face-off versus Ryan Johansen in neutral zone.
16:09 of 1st period - Wrist shot by Brock McGinn.
16:09 of 1st period - Shot Misses the Net.
16:11 of 1st period - Wrist shot by Brock McGinn.
16:11 of 1st period - Stopped by Jacob Markstrom with a rebound.
16:13 of 1st period - Slapshot by Ryan Ellis.
16:13 of 1st period - Stopped by Jacob Markstrom without a rebound.
16:14 of 1st period - Michael Latta wins face-off versus Alexander Wennberg in Jets zone.
16:15 of 1st period - Slapshot by Vladimir Tarasenko.
16:15 of 1st period - Stopped by Jacob Markstrom without a rebound.
16:16 of 1st period - Michael Latta wins face-off versus Alexander Wennberg in Jets zone.
16:29 of 1st period - Wrist shot by Michael Latta.
16:29 of 1st period - Deflect By Kellan Lain.
16:29 of 1st period - Shot Misses the Net.
16:29 of 1st period - Puck is out of play.
16:30 of 1st period - Ryan Johansen wins face-off versus Michael Latta in Jets zone.
17:02 of 1st period - Snap shot by Tyler Toffoli.
17:02 of 1st period - Stopped by Cam Ward without a rebound.
17:03 of 1st period - Alexander Wennberg wins face-off versus Melker Karlsson in Islanders zone.
17:28 of 1st period - Snap shot by Melker Karlsson.
17:28 of 1st period - Stopped by Jacob Markstrom without a rebound.
17:29 of 1st period - Kellan Lain wins face-off versus Ryan Johansen in Jets zone.
18:25 of 1st period - Wrist shot by Alex Galchenyuk.
18:25 of 1st period - Shot Blocked by Kellan Lain.
18:55 of 1st period - Snap shot by Michael Latta.
18:55 of 1st period - Shot Misses the Net.
19:30 of 1st period - Snap shot by Michael Latta.
19:30 of 1st period - Stopped by Jacob Markstrom with a rebound.
19:32 of 1st period - Slapshot by Kellan Lain.
19:32 of 1st period - Stopped by Jacob Markstrom without a rebound.
19:33 of 1st period - Melker Karlsson wins face-off versus Ryan Johansen in Jets zone.
19:42 of 1st period - Slapshot by Marco Scandella.
19:42 of 1st period - Shot Misses the Net.
Goals for this period are 1 for Jets vs 0 for Islanders.
Shots for this period are 7 for Jets vs 15 for Islanders.
2nd period
0:01 of 2nd period - Ryan Johansen wins face-off versus Melker Karlsson in neutral zone.
0:12 of 2nd period - Snap shot by Anthony Mantha.
0:12 of 2nd period - Stopped by Cam Ward without a rebound.
0:13 of 2nd period - Ryan Johansen wins face-off versus Michael Latta in Islanders zone.
0:18 of 2nd period - Snap shot by Ryan Johansen.
0:18 of 2nd period - Stopped by Cam Ward with a rebound.
0:20 of 2nd period - Slapshot by Erik Cernak.
0:20 of 2nd period - Stopped by Cam Ward with a rebound.
0:24 of 2nd period - Wrist shot by Ryan Johansen.
0:24 of 2nd period - Deflect By Viktor Arvidsson.
0:24 of 2nd period - Stopped by Cam Ward without a rebound.
0:25 of 2nd period - Melker Karlsson wins face-off versus Ryan Johansen in Islanders zone.
0:55 of 2nd period - Off-side.
0:56 of 2nd period - Alexander Wennberg wins face-off versus Michael Latta in neutral zone.
1:08 of 2nd period - Snap shot by Tyler Toffoli.
1:08 of 2nd period - Deflect By Alexander Wennberg.
1:08 of 2nd period - Stopped by Cam Ward with a rebound.
1:10 of 2nd period - Slapshot by Erik Cernak.
1:10 of 2nd period - Shot Misses the Net.
1:12 of 2nd period - Snap shot by Erik Cernak.
1:12 of 2nd period - Stopped by Cam Ward without a rebound.
1:13 of 2nd period - Melker Karlsson wins face-off versus Ryan Johansen in Islanders zone.
1:18 of 2nd period - Wrist shot by Yann Sauvé.
1:18 of 2nd period - Shot Misses the Net.
1:40 of 2nd period - Viktor Arvidsson is hit by Jason Akeson and loses puck.
3:33 of 2nd period - Wrist shot by Alex Galchenyuk.
3:33 of 2nd period - Stopped by Cam Ward with a rebound.
3:35 of 2nd period - Slapshot by Marco Scandella.
3:35 of 2nd period - Goal by Marco Scandella - Jets : 2 - Islanders : 0.
3:36 of 2nd period - Viktor Arvidsson wins face-off versus Michael Latta in neutral zone.
3:39 of 2nd period - Slapshot by Dougie Hamilton.
3:39 of 2nd period - Shot Misses the Net.
4:31 of 2nd period - Snap shot by Max Domi.
4:31 of 2nd period - Shot Blocked by Brayden McNabb.
4:33 of 2nd period - Wrist shot by Tyler Seguin.
4:33 of 2nd period - Deflect By Alex Galchenyuk.
4:33 of 2nd period - Stopped by Cam Ward without a rebound.
4:34 of 2nd period - Vladimir Tarasenko wins face-off versus Ryan Johansen in Islanders zone.
5:24 of 2nd period - Tyler Seguin is hit by Ryan Hartman and loses puck.
5:53 of 2nd period - Wrist shot by Vladimir Tarasenko.
5:53 of 2nd period - Stopped by Jacob Markstrom with a rebound.
5:55 of 2nd period - Wrist shot by Sergei Plotnikov.
5:55 of 2nd period - Stopped by Jacob Markstrom with a rebound.
5:57 of 2nd period - Snap shot by Vladimir Tarasenko.
5:57 of 2nd period - Stopped by Jacob Markstrom with a rebound.
5:59 of 2nd period - Slapshot by Ryan Ellis.
5:59 of 2nd period - Shot Misses the Net.
6:15 of 2nd period - Slapshot by Troy Stetcher.
6:15 of 2nd period - Stopped by Cam Ward without a rebound.
6:16 of 2nd period - Ryan Johansen wins face-off versus Melker Karlsson in Islanders zone.
6:29 of 2nd period - Wrist shot by Anthony Mantha.
6:29 of 2nd period - Shot Misses the Net.
6:41 of 2nd period - Wrist shot by Ryan Johansen.
6:41 of 2nd period - Stopped by Cam Ward without a rebound.
6:42 of 2nd period - Michael Latta wins face-off versus Alexander Wennberg in Islanders zone.
6:55 of 2nd period - Slapshot by Tyler Toffoli.
6:55 of 2nd period - Stopped by Cam Ward with a rebound.
6:57 of 2nd period - Slapshot by Adam Larsson.
6:57 of 2nd period - Stopped by Cam Ward without a rebound.
6:58 of 2nd period - Melker Karlsson wins face-off versus Ryan Johansen in Islanders zone.
7:09 of 2nd period - Dougie Hamilton is hit by Melker Karlsson and loses puck.
7:56 of 2nd period - Snap shot by Max Domi.
7:56 of 2nd period - Stopped by Cam Ward with a rebound.
8:23 of 2nd period - Snap shot by Vladimir Tarasenko.
8:23 of 2nd period - Shot Misses the Net.
9:32 of 2nd period - Icing by Gabriel Carlsson.
9:33 of 2nd period - Noel Acciari wins face-off versus Vladimir Tarasenko in Islanders zone.
10:45 of 2nd period - Snap shot by Kellan Lain.
10:45 of 2nd period - Shot Blocked by Alex Galchenyuk.
11:15 of 2nd period - Adam Larsson is hit by Melker Karlsson and loses puck.
12:44 of 2nd period - Slapshot by Frank Vatrano.
12:44 of 2nd period - Shot Misses the Net.
12:46 of 2nd period - Slapshot by Erik Cernak.
12:46 of 2nd period - Stopped by Cam Ward with a rebound.
12:48 of 2nd period - Slapshot by Erik Cernak.
12:48 of 2nd period - Deflect By Noel Acciari.
12:48 of 2nd period - Shot Misses the Net.
12:48 of 2nd period - Puck is out of play.
12:49 of 2nd period - Ryan Johansen wins face-off versus Christian Fischer in Islanders zone.
12:58 of 2nd period - Snap shot by Viktor Arvidsson.
12:58 of 2nd period - Shot Misses the Net.
13:00 of 2nd period - Minor Penalty to Christian Fischer for Hooking.
13:01 of 2nd period - Vladimir Tarasenko wins face-off versus Ryan Johansen in Islanders zone.
13:59 of 2nd period - Slapshot by Max Domi.
13:59 of 2nd period - Stopped by Cam Ward with a rebound.
14:01 of 2nd period - Snap shot by Ryan Murray.
14:01 of 2nd period - Shot Blocked by Dylan McIlrath.
14:03 of 2nd period - Snap shot by Ryan Murray.
14:03 of 2nd period - Shot Misses the Net.
14:05 of 2nd period - Snap shot by Viktor Arvidsson.
14:05 of 2nd period - Deflect By Max Domi.
14:05 of 2nd period - Stopped by Cam Ward with a rebound.
14:39 of 2nd period - Snap shot by Max Domi.
14:39 of 2nd period - Stopped by Cam Ward without a rebound.
14:40 of 2nd period - Vladimir Tarasenko wins face-off versus Ryan Johansen in Islanders zone.
14:53 of 2nd period - Slapshot by Troy Stetcher.
14:53 of 2nd period - Deflect By Alex Galchenyuk.
14:53 of 2nd period - Shot Hit the Post.
14:53 of 2nd period - Puck is out of play.
14:54 of 2nd period - Jason Spezza wins face-off versus Ryan Johansen in Islanders zone.
15:00 of 2nd period - Penalty to Christian Fischer is over, Christian Fischer is back on ice.
15:17 of 2nd period - Slapshot by Jason Akeson.
15:17 of 2nd period - Stopped by Jacob Markstrom without a rebound.
15:18 of 2nd period - Tyler Toffoli wins face-off versus Ryan Hartman in Jets zone.
16:04 of 2nd period - Melker Karlsson is hit by Max Domi and loses puck.
17:18 of 2nd period - Off-side.
17:19 of 2nd period - Ryan Johansen wins face-off versus Ryan Hartman in neutral zone.
17:34 of 2nd period - Wrist shot by Viktor Arvidsson.
17:34 of 2nd period - Shot Misses the Net.
17:36 of 2nd period - Slapshot by Ryan Johansen.
17:36 of 2nd period - Shot Misses the Net.
17:52 of 2nd period - Snap shot by Ryan Ellis.
17:52 of 2nd period - Deflect By Emerson Etem.
17:52 of 2nd period - Shot Misses the Net.
17:52 of 2nd period - Puck is out of play.
17:53 of 2nd period - Michael Latta wins face-off versus Max Domi in Jets zone.
17:58 of 2nd period - Snap shot by Vladimir Tarasenko.
17:58 of 2nd period - Shot Hit the Post.
18:15 of 2nd period - Icing by Alex Galchenyuk.
18:16 of 2nd period - Melker Karlsson wins face-off versus Ryan Johansen in Jets zone.
18:27 of 2nd period - Slapshot by Ryan Ellis.
18:27 of 2nd period - Goal by Ryan Ellis - Jets : 2 - Islanders : 1.
18:28 of 2nd period - Anthony Mantha wins face-off versus Michael Latta in neutral zone.
18:41 of 2nd period - Snap shot by Vladimir Tarasenko.
18:41 of 2nd period - Goal by Vladimir Tarasenko - Jets : 2 - Islanders : 2.
18:42 of 2nd period - Michael Latta wins face-off versus Ryan Johansen in neutral zone.
18:45 of 2nd period - Anthony Mantha is hit by Kellan Lain and loses puck.
19:16 of 2nd period - Wrist shot by Dougie Hamilton.
19:16 of 2nd period - Shot Blocked by Ryan Ellis.
19:18 of 2nd period - Slapshot by Ryan Murray.
19:18 of 2nd period - Shot Misses the Net.
19:20 of 2nd period - Slapshot by Ryan Murray.
19:20 of 2nd period - Shot Blocked by Melker Karlsson.
Goals for this period are 1 for Jets vs 2 for Islanders.
Shots for this period are 18 for Jets vs 6 for Islanders.
3rd period
0:01 of 3rd period - Michael Latta wins face-off versus Ryan Johansen in neutral zone.
0:26 of 3rd period - Sam Reinhart is hit by Emerson Etem and loses puck.
0:37 of 3rd period - Yann Sauvé is hit by Alexander Wennberg and loses puck.
1:51 of 3rd period - Michael Latta is hit by Tyler Toffoli and loses puck.
2:16 of 3rd period - Wrist shot by Tyler Seguin.
2:16 of 3rd period - Shot Misses the Net.
2:28 of 3rd period - Wrist shot by Jason Spezza.
2:28 of 3rd period - Shot Blocked by Dougie Hamilton.
3:17 of 3rd period - Wrist shot by Michael Latta.
3:17 of 3rd period - Shot Blocked by Dougie Hamilton.
4:00 of 3rd period - Slapshot by Adam Larsson.
4:00 of 3rd period - Stopped by Cam Ward with a rebound.
4:08 of 3rd period - Minor Penalty to Tyler Toffoli for Hooking.
4:09 of 3rd period - Alexander Wennberg wins face-off versus Michael Latta in Jets zone.
4:18 of 3rd period - Wrist shot by Alexander Wennberg.
4:18 of 3rd period - Shot Misses the Net.
4:56 of 3rd period - Wrist shot by Jason Spezza.
4:56 of 3rd period - Shot Misses the Net.
5:12 of 3rd period - Wrist shot by Emerson Etem.
5:12 of 3rd period - Deflect By Jason Spezza.
5:12 of 3rd period - Stopped by Jacob Markstrom without a rebound.
5:13 of 3rd period - Michael Latta wins face-off versus Viktor Arvidsson in Jets zone.
5:14 of 3rd period - Slapshot by Vladimir Tarasenko.
5:14 of 3rd period - Stopped by Jacob Markstrom without a rebound.
5:15 of 3rd period - Viktor Arvidsson wins face-off versus Michael Latta in Jets zone.
5:55 of 3rd period - Wrist shot by Emerson Etem.
5:55 of 3rd period - Stopped by Jacob Markstrom with a rebound.
6:08 of 3rd period - Penalty to Tyler Toffoli is over, Tyler Toffoli is back on ice.
7:15 of 3rd period - Slapshot by Ryan Ellis.
7:15 of 3rd period - Stopped by Jacob Markstrom without a rebound.
7:16 of 3rd period - Alexander Wennberg wins face-off versus Ryan Hartman in Jets zone.
7:35 of 3rd period - Slapshot by Thomas Chabot.
7:35 of 3rd period - Shot Misses the Net.
7:37 of 3rd period - Wrist shot by Dylan McIlrath.
7:37 of 3rd period - Shot Blocked by Troy Stetcher.
7:55 of 3rd period - Vladimir Tarasenko is hit by Ryan Johansen and loses puck.
8:35 of 3rd period - Off-side.
8:36 of 3rd period - Melker Karlsson wins face-off versus Alexander Wennberg in neutral zone.
8:45 of 3rd period - Snap shot by Thomas Chabot.
8:45 of 3rd period - Shot Blocked by Sam Reinhart.
8:47 of 3rd period - Wrist shot by Emerson Etem.
8:47 of 3rd period - Shot Blocked by Marco Scandella.
8:47 of 3rd period - Marco Scandella from Jets is injured at 8:47 of 3rd period (Bruised Right Leg).
8:48 of 3rd period - Ryan Johansen wins face-off versus Michael Latta in Jets zone.
8:55 of 3rd period - Snap shot by Vladimir Tarasenko.
8:55 of 3rd period - Stopped by Jacob Markstrom with a rebound.
8:57 of 3rd period - Snap shot by Vladimir Tarasenko.
8:57 of 3rd period - Stopped by Jacob Markstrom with a rebound.
9:13 of 3rd period - Emerson Etem is hit by Adam Larsson and loses puck.
9:34 of 3rd period - Wrist shot by Noel Acciari.
9:34 of 3rd period - Stopped by Cam Ward without a rebound.
9:35 of 3rd period - Noel Acciari wins face-off versus Michael Latta in Islanders zone.
10:02 of 3rd period - Anthony Mantha is hit by Ryan Hartman and loses puck.
10:30 of 3rd period - Off-side.
10:31 of 3rd period - Michael Latta wins face-off versus Max Domi in neutral zone.
11:11 of 3rd period - Snap shot by Ryan Johansen.
11:11 of 3rd period - Shot Misses the Net.
11:21 of 3rd period - Erik Cernak is hit by Ryan Hartman and loses puck.
12:46 of 3rd period - Snap shot by Anthony Mantha.
12:46 of 3rd period - Stopped by Cam Ward with a rebound.
12:53 of 3rd period - Minor Penalty to Emerson Etem for Goalie Interference.
12:54 of 3rd period - Ryan Johansen wins face-off versus Vladimir Tarasenko in Islanders zone.
14:16 of 3rd period - Anthony Mantha is hit by Kellan Lain and loses puck.
14:25 of 3rd period - Wrist shot by Michael Latta.
14:25 of 3rd period - Stopped by Jacob Markstrom with a rebound.
14:53 of 3rd period - Penalty to Emerson Etem is over, Emerson Etem is back on ice.
15:21 of 3rd period - Slapshot by Melker Karlsson.
15:21 of 3rd period - Shot Blocked by Adam Larsson.
15:53 of 3rd period - Wrist shot by Michael Latta.
15:53 of 3rd period - Stopped by Jacob Markstrom with a rebound.
15:55 of 3rd period - Slapshot by Thomas Chabot.
15:55 of 3rd period - Stopped by Jacob Markstrom with a rebound.
16:41 of 3rd period - Max Domi is hit by Melker Karlsson and loses puck.
16:59 of 3rd period - Icing by Anthony Mantha.
17:00 of 3rd period - Noel Acciari wins face-off versus Ryan Hartman in Jets zone.
17:09 of 3rd period - Snap shot by Frank Vatrano.
17:09 of 3rd period - Shot Misses the Net.
17:11 of 3rd period - Snap shot by Noel Acciari.
17:11 of 3rd period - Stopped by Cam Ward without a rebound.
17:12 of 3rd period - Alexander Wennberg wins face-off versus Michael Latta in Islanders zone.
17:38 of 3rd period - Brock McGinn is hit by Alex Galchenyuk and loses puck.
17:47 of 3rd period - Snap shot by Brock McGinn.
17:47 of 3rd period - Shot Blocked by Alex Galchenyuk.
18:05 of 3rd period - Ryan Johansen is hit by Thomas Chabot and loses puck.
19:24 of 3rd period - Icing by Thomas Chabot.
19:25 of 3rd period - Ryan Johansen wins face-off versus Brock McGinn in Islanders zone.
Goals for this period are 0 for Jets vs 0 for Islanders.
Shots for this period are 4 for Jets vs 9 for Islanders.
Overtime #1
0:01 of 1st overtime period - Tyler Seguin wins face-off versus Vladimir Tarasenko in neutral zone.
0:04 of 1st overtime period - Snap shot by Tyler Seguin.
0:04 of 1st overtime period - Shot Misses the Net.
0:14 of 1st overtime period - Snap shot by Ryan Ellis.
0:14 of 1st overtime period - Deflect By Vladimir Tarasenko.
0:14 of 1st overtime period - Stopped by Jacob Markstrom with a rebound.
0:16 of 1st overtime period - Wrist shot by Jason Spezza.
0:16 of 1st overtime period - Stopped by Jacob Markstrom without a rebound.
0:17 of 1st overtime period - Tyler Seguin wins face-off versus Vladimir Tarasenko in Jets zone.
0:24 of 1st overtime period - Wrist shot by Alex Galchenyuk.
0:24 of 1st overtime period - Deflect By Ryan Ellis.
0:24 of 1st overtime period - Shot Misses the Net.
0:24 of 1st overtime period - Puck is out of play.
0:25 of 1st overtime period - Vladimir Tarasenko wins face-off versus Tyler Seguin in Islanders zone.
0:38 of 1st overtime period - Snap shot by Vladimir Tarasenko.
0:38 of 1st overtime period - Stopped by Jacob Markstrom with a rebound.
1:02 of 1st overtime period - Slapshot by Vladimir Tarasenko.
1:02 of 1st overtime period - Stopped by Jacob Markstrom without a rebound.
1:03 of 1st overtime period - Ryan Johansen wins face-off versus Kellan Lain in Jets zone.
1:08 of 1st overtime period - Ryan Ellis is hit by Ryan Johansen and loses puck.
1:29 of 1st overtime period - Yann Sauvé is hit by Ryan Murray and loses puck.
1:33 of 1st overtime period - Icing by Vladimir Tarasenko.
1:34 of 1st overtime period - Tyler Seguin wins face-off versus Vladimir Tarasenko in Islanders zone.
1:35 of 1st overtime period - Slapshot by Alex Galchenyuk.
1:35 of 1st overtime period - Stopped by Cam Ward with a rebound.
1:37 of 1st overtime period - Wrist shot by Alex Galchenyuk.
1:37 of 1st overtime period - Stopped by Cam Ward with a rebound.
1:39 of 1st overtime period - Snap shot by Tyler Seguin.
1:39 of 1st overtime period - Stopped by Cam Ward without a rebound.
1:40 of 1st overtime period - Tyler Seguin wins face-off versus Vladimir Tarasenko in Islanders zone.
1:41 of 1st overtime period - Snap shot by Alex Galchenyuk.
1:41 of 1st overtime period - Shot Misses the Net.
2:30 of 1st overtime period - Icing by Tyler Toffoli.
2:31 of 1st overtime period - Ryan Johansen wins face-off versus Emerson Etem in Jets zone.
3:20 of 1st overtime period - Yann Sauvé is hit by Viktor Arvidsson and loses puck.
4:28 of 1st overtime period - Off-side.
4:29 of 1st overtime period - Emerson Etem wins face-off versus Tyler Seguin in neutral zone.
Goals for this period are 0 for Jets vs 0 for Islanders.
Shots for this period are 3 for Jets vs 4 for Islanders.
ShootOut
5:00 of 1st overtime period - Round #1.
5:00 of 1st overtime period - Jets, Tyler Seguin.
5:00 of 1st overtime period - Deke by Tyler Seguin.
5:00 of 1st overtime period - Shot Misses the Net.
5:00 of 1st overtime period - Islanders, Vladimir Tarasenko.
5:00 of 1st overtime period - Deke by Vladimir Tarasenko.
5:00 of 1st overtime period - Goal by Vladimir Tarasenko.
5:00 of 1st overtime period - Round #2.
5:00 of 1st overtime period - Jets, Alex Galchenyuk.
5:00 of 1st overtime period - Deke by Alex Galchenyuk.
5:00 of 1st overtime period - Stopped by Cam Ward.
5:00 of 1st overtime period - Islanders, Jason Spezza.
5:00 of 1st overtime period - Deke by Jason Spezza.
5:00 of 1st overtime period - Shot Hit the Post.
5:00 of 1st overtime period - Round #3.
5:00 of 1st overtime period - Jets, Ryan Johansen.
5:00 of 1st overtime period - Snap shot by Ryan Johansen.
5:00 of 1st overtime period - Stopped by Cam Ward.